 Seeded DCSS version 0.28-a0-1567-g1695149f81 (webtiles) character file.

Game seed: 127 (custom seed)

260 knot the Chopper (level 5, 0/61 HPs)
             Began as a Demonspawn Berserker on Jan 19, 2022.
             Was a Believer of Trog.
             Succumbed to a scorpion's poison
             ... on level 4 of the Dungeon.
             The game lasted 00:04:51 (5123 turns).

knot the Chopper (Demonspawn Berserker)             Turns: 5123, Time: 00:04:51

Health: 0/61       AC: 22    Str: 17    XL:     5   Next: 95%
Magic:  5/5        EV:  2    Int: 11    God:    Trog [**....]
Gold:   249        SH:  0    Dex: 12    Spells: 4/4 levels left

rFire   . . .      SeeInvis .   a - +0 hand axe
rCold   . . .      Faith    .   (no shield)
rNeg    . . .      Spirit   .   (armour currently unavailable)
rPois   +          Reflect  .   (helmet currently unavailable)
rElec   .          Harm     .   (cloak currently unavailable)
rCorr   .          Rampage  .   (gloves currently unavailable)
Will    .....      NoTele   +   (boots currently unavailable)
Stlth   +.........              (no amulet)
HPRegen 0.20/turn               (no ring)
MPRegen 0.09/turn               (no ring)

@: lethally poisoned (0 -> -26), tree-form
A: stationary, stasis, torment immunity, boosted hp, (claws 1)
a: Renounce Religion, Berserk, Trog's Hand


You were on level 4 of the Dungeon.
You worshipped Trog.
Trog was pleased with you.
You were a tree.
You visited 1 branch of the dungeon, and saw 4 of its levels.

You collected 249 gold pieces.

Inventory:

Hand Weapons
 a - a +0 hand axe (weapon)
Missiles
 c - 51 sling bullets
 e - 82 stones
 l - 5 boomerangs (quivered)
 p - 3 poisoned darts
Armour
 k - a +2 cloak (melded)
 r - a +0 ring mail (melded)
 s - a +0 pair of boots (melded)
Scrolls
 b - 2 scrolls of noise {unknown}
 f - a scroll of enchant armour {unknown}
 h - 3 scrolls of teleportation {unknown}
 i - a scroll of torment {unknown}
 m - 4 scrolls of identify {unknown}
 n - a scroll of summoning {unknown}
 o - a scroll of fog {unknown}
Potions
 d - a potion of lignification
 g - a potion of might {unknown}
 j - a potion of degeneration {unknown}
 q - a potion of mutation {unknown}


   Skills:
 - Level 3.0 Fighting
 + Level 6.1 Axes
 - Level 1.7 Armour
 - Level 1.7 Dodging


You had 4 spell levels left.
You didn't know any spells.
Your spell library contained the following spells:

 Spells                   Type           Power      Damage    Failure   Level
 Foxfire                  Conj/Fire      0%         2x1d4     34%         1
 Summon Small Mammal      Summ           0%         N/A       34%         1
 Call Canine Familiar     Summ           0%         N/A       71%         3
 Conjure Flame            Conj/Fire      0%         6-21      71%         3
 Inner Flame              Hex/Fire       0%         N/A       71%         3
 Summon Guardian Golem    Hex/Summ       0%         N/A       71%         3
 Flame Wave               Conj/Fire      0%         2d4       98%         4


Dungeon Overview and Level Annotations

Branches:
Dungeon (4/15)
 Temple: D:4-7

Altars:
Vehumet

Shops:
D:2 [[*((

Annotations:
D:4 1 runed translucent door, Crazy Yiuf


Innate Abilities, Weirdness & Mutations

You are a tree.
Your roots penetrate the ground, keeping you stationary.
You cannot be teleported.
You are immune to unholy pain and torment.
Your maximum health is greatly increased.
Your equipment is partially melded.
((You have sharp fingernails.))


Message History

You hit the scorpion but do no damage. The scorpion stings you.
The scorpion stings you but does no damage.
You barely miss the scorpion. The scorpion stings you.
You barely miss the scorpion.
You claw the scorpion, but do no damage.
The scorpion closely misses you.
You hit the scorpion.
The scorpion is lightly wounded.
The scorpion stings you but does no damage.
You fail to use your ability.
The scorpion stings you but does no damage.
You completely miss the scorpion.
The scorpion is lightly wounded.
The scorpion stings you but does no damage.
The scorpion closely misses you.
You barely miss the scorpion.
The scorpion is lightly wounded.
The scorpion stings you!
You are poisoned.
The scorpion poisons you!
You barely miss the scorpion.
The scorpion is lightly wounded.
You feel very sick. The scorpion stings you.
* * * LOW HITPOINT WARNING * * *
You are lethally poisoned!
The scorpion poisons you!
You hit the scorpion but do no damage.
The scorpion is lightly wounded.
* * * LOW HITPOINT WARNING * * *
You feel very sick. The scorpion stings you.
* * * LOW HITPOINT WARNING * * *
You are more poisoned.
The scorpion poisons you!
It was a potion of lignification.
You turn into a tree.
Your +2 cloak melds into your body.
Your +0 pair of boots melds into your body.
Your +0 ring mail melds into your body.
Your roots penetrate the ground.
You die...

.......#.#)[#
........#..##########
#..#................#
#..#....#..###.####.#
######..#....#..###.####..
#.......##...#............
#.##.............#######..
####.#s...#.#.#.....#.#
#.#♣.#.#.#.#.....#.#
#...(#.###.#.._..'.#
#.######)....# #.#.....#.#
#......).....###.#.....#.#
#####.#..........#######..
#......#.###..........
#......#.# ###..#.###.
#######......###....#.##..
#........................#


You could see a scorpion.

Vanquished Creatures
  A water moccasin zombie (D:3)
  A centaur zombie (D:4)
  4 gnolls (D:4)
  6 adders
  A worm (D:3)
  3 dart slugs
  An orc (D:3)
  6 ball pythons
  3 bats
  7 endoplasms
  2 giant cockroaches
  7 goblins
  9 hobgoblins
  A quokka (D:1)
  5 frilled lizards
  13 kobolds
  3 rats
73 creatures vanquished.

Vanquished Creatures (others)
  10 plants (D:1)
10 creatures vanquished.

Grand Total: 83 creatures vanquished

Notes
Turn   | Place    | Note
-------+----------+-------------------------------------------
     0 | D:1      | knot the Demonspawn Berserker began the quest for the Orb.
     0 | D:1      | Reached XP level 1. HP: 18/18 MP: 1/1
    10 | D:1      | Found a faded altar of an unknown god.
   271 | D:1      | Reached skill level 3 in Axes
   327 | D:1      | Gained mutation: You have sharp fingernails. [demonic
                  | ancestry]
   327 | D:1      | Reached XP level 2. HP: 20/24 MP: 2/2
  1683 | D:2      | Found Buass's Weapon Boutique.
  1693 | D:2      | Reached XP level 3. HP: 27/29 MP: 3/3
  1756 | D:2      | Found Getil's Antique Weapon Boutique.
  1788 | D:2      | Reached skill level 4 in Axes
  2121 | D:2      | Found Tuomn's Armour Shoppe.
  2410 | D:2      | Found Lurim's General Store.
  2486 | D:2      | Found Coumon's Antique Armour Shoppe.
  2618 | D:2      | Reached XP level 4. HP: 29/35 MP: 4/4
  3518 | D:3      | Reached ** piety under Trog
  3713 | D:3      | Reached skill level 5 in Axes
  3713 | D:3      | Reached XP level 5. HP: 28/41 MP: 5/5
  4407 | D:4      | Found a radiant altar of Vehumet.
  4870 | D:4      | Reached skill level 6 in Axes
  5001 | D:4      | Found a runed translucent door.
  5002 | D:4      | Noticed Crazy Yiuf
  5123 | D:4      | Succumbed to a scorpion's poison

Illustrated notes

Levels and vault maps discovered:
D:1:      amcnicky_arrival_gap_in_the_tavern_cellar, layout_basic,
          ebering_ecumenical_altar_abandoned, serial_bayou_lagoon_a
D:2:      minmay_wonky_spiral, layout_basic, serial_shops,
          nicolae_lakefront_shop, shop, shop, shop, shop_fountains
D:3:      layout_basic, minmay_goblin_kobold_house
D:4:      kb_forest_paths, layout_basic, amcnicky_altar_gilded,
          lemuel_tele_altar, serial_shops, shop, hex_tiny,
          serial_bayou_crossing, uniq_crazy_yiuf_cottage

Skill      XL: |  1  2  3  4  5 |
---------------+----------------+-----
Axes           | 3 4 5 6 |  6.1
Fighting       | |  3.0
Armour         | |  1.7
Dodging        | |  1.7

Action                   |  1- 3 |  4- 6 || total
-------------------------+-------+-------++-------
Melee: Hand axe          |   121 |   156 ||   277
       Punch             |     2 |     1 ||     3
Throw: Dart              |       |     3 ||     3
       Boomerang         |       |     1 ||     1
Invok: Berserk           |     3 |     5 ||     8
  Use: Potion            |       |     1 ||     1
 Stab: Sleeping          |     2 |     1 ||     3
Armor: Animal skin       |    20 |    28 ||    48
       Ring mail         |       |    31 ||    31
Dodge: Dodged            |    63 |    97 ||   160

Table legend: (Time is in decaauts)
 A = Elapsed time spent in this place.
 B = Non-inter-level travel time spent in this place.
 C = Inter-level travel time spent in this place.
 D = Time resting spent in this place.
 E = Time spent auto-exploring this place.
 F = Levels seen in this place.
 G = Mean time per level.
                   A        B        C        D        E       F      G
               +--------+--------+--------+--------+--------+-----+--------+
         Total |   5242 |   5120 |    122 |   1222 |   3234 |   4 | 1310.5 |
       Dungeon |   5242 |   5120 |    122 |   1222 |   3234 |   4 | 1310.5 |
               +--------+--------+--------+--------+--------+-----+--------+

Top non-repeatable levels by time:
     D:3: 1901 daAuts
     D:1: 1728 daAuts
     D:2: 1096 daAuts
     D:4: 516 daAuts
